Map: Dusk Towers

Players

Boiyoing - Winner!

  • Race: Zerg Zerg
  • League: Silver

Quadstriker

  • Race: Protoss Protoss
  • League: Bronze

VOD

Have the link to the VOD?

Description

Time

  • Played on: Jan. 25, 2016, 9:43 p.m.
  • Length: 20:15
Show
View Real Time Build Order
Export as new Build Order

Boiyoing Zerg - Winner!

Build Orders: Pool First 

Get SALT Encoding   

  12  0:02  Drone  
  13  0:14  Overlord  
  13  0:18  Drone  
  14  0:35  Drone, Extractor  
  15  0:41  Spawning Pool  
  13  0:44  Drone  
  14  0:51  Drone  
  14  0:53  Drone  
  16  1:01  Drone  
  17  1:08  Drone  
  18  1:21  Drone  
  19  1:27  Queen  
  19  1:32  Overlord  
  21  1:43  Metabolic Boost  
  21  2:00  Hatchery  
  20  2:03  Zergling x4  
  20  2:07  Zergling x2  
  23  2:30  Queen  
  25  2:51  Drone x5  
  26  2:52  Overlord  
  30  3:31  Spore Crawler  
  29  3:37  Drone x8  
  37  3:44  Extractor  
  37  3:45  Spore Crawler  
  35  3:53  Extractor  
  34  3:57  Drone x3  
  34  4:01  Queen x2  
  34  4:02  Extractor  
  40  4:13  Drone  
  40  4:14  Drone x3  
  44  4:27  Overlord x2  
  44  4:58  Lair  
  44  5:02  Burrow  
  44  5:10  Drone  
  44  5:11  Drone x10  
  54  5:53  Evolution Chamber  
  54  5:56  Evolution Chamber  
  52  6:30  Overlord  
  52  6:31  Overlord x4  
  52  6:34  Spire  
  51  6:56  Zerg Ground Armor Level 1, Zerg Melee Weapons Level 1  
  51  7:04  Drone x9  
  51  7:05  Drone x6  
  66  7:22  Hatchery  
  63  7:55  Mutalisk  
  63  7:56  Mutalisk x9  
  83  8:00  Zerg Flyer Armor Level 1  
  83  8:08  Overlord x2  
  83  8:26  Zergling x2, Queen x2  
  88  8:27  Spore Crawler, Zergling x4  
  88  8:28  Spore Crawler  
  88  8:35  Queen  
  90  9:00  Mutalisk, Zergling x8  
  90  9:01  Mutalisk x4  
  90  9:02  Pneumatized Carapace  
  104  9:52  Overlord x3  
  104  9:53  Overlord x2  
  104  10:02  Queen  
  106  10:20  Hatchery  
  105  10:22  Queen x2  
  109  10:56  Mutalisk  
  109  10:57  Mutalisk x17  
  144  11:14  Overlord x3  
  144  11:40  Extractor  
  144  11:41  Hatchery  
  144  11:43  Extractor  
  141  11:58  Zerg Melee Weapons Level 2  
  141  11:59  Hatchery, Zerg Ground Armor Level 2  
  140  12:02  Zerg Flyer Armor Level 2  
  140  12:09  Overlord x5, Mutalisk  
  140  12:10  Mutalisk x3  
  148  12:18  Infestation Pit  
  148  12:19  Zergling x2  
  148  12:20  Zergling x28  
  162  12:49  Mutalisk x3  
  169  12:51  Zergling x2  
  169  12:52  Zergling x8  
  139  13:31  Zergling x6  
  139  13:32  Zergling x24  
  145  14:12  Mutalisk  
  145  14:13  Mutalisk x7  
  145  14:16  Zergling x10  
  145  14:17  Zergling x4  
  168  14:43  Extractor  
  167  14:45  Hatchery  
  167  14:50  Extractor  
  165  15:00  Mutalisk  
  165  15:01  Mutalisk x4  
  165  15:02  Zergling x2  
  165  15:03  Zergling x24  
  163  15:38  Mutalisk x4  
  163  15:40  Zergling x8  
  163  15:41  Zergling x26  
  155  16:21  Overseer x5  
  155  16:22  Overseer  
  149  16:55  Hive  
  149  17:44  Mutalisk  
  149  17:45  Mutalisk x7  
  165  17:59  Zerg Flyer Weapons Level 1  
  165  18:41  Zergling x2  
  165  18:42  Zergling x16  
  165  18:43  Zergling x12  
  128  19:08  Mutalisk x6  
  138  19:10  Zergling x8  
  142  19:34  Hatchery  
  135  20:08  Extractor  
  135  20:12  Extractor  
Show
View Real Time Build Order
Export as new Build Order

Quadstriker Protoss 

Build Orders: Oracle Opening 

Get SALT Encoding   

  12  0:01  Probe (Chrono Boost)  
  13  0:12  Probe (Chrono Boost)  
  14  0:19  Pylon  
  14  0:22  Probe (Chrono Boost)  
  15  0:37  Probe (Chrono Boost)  
  15  0:40  Gateway  
  16  0:47  Assimilator  
  16  0:48  Probe (Chrono Boost)  
  17  0:58  Probe (Chrono Boost)  
  18  1:09  Probe (Chrono Boost)  
  19  1:20  Probe (Chrono Boost)  
  19  1:21  Pylon  
  20  1:30  Cybernetics Core  
  20  1:36  Zealot  
  22  1:43  Probe (Chrono Boost)  
  23  1:54  Nexus  
  23  2:00  Probe (Chrono Boost)  
  24  2:06  Assimilator  
  24  2:08  Warp Gate  
  24  2:13  Mothership Core (Chrono Boost)  
  26  2:31  Pylon  
  26  2:32  Probe (Chrono Boost)  
  27  2:42  Probe (Chrono Boost)  
  29  2:51  Adept  
  29  2:53  Probe (Chrono Boost)  
  29  2:58  Stargate  
  30  3:03  Probe (Chrono Boost)  
  31  3:14  Assimilator  
  31  3:19  Assimilator  
  31  3:24  Probe x2 (Chrono Boost)  
  33  3:34  Probe x2 (Chrono Boost)  
  35  3:44  Probe (Chrono Boost)  
  35  3:45  Probe (Chrono Boost)  
  35  3:47  Gateway  
  37  3:48  Gateway  
  37  3:53  Oracle (Chrono Boost)  
  40  3:55  Probe  
  40  3:56  Probe  
  42  4:06  Probe  
  42  4:08  Probe  
  44  4:16  Probe  
  45  4:29  Probe  
  45  4:30  Probe  
  47  4:33  Adept  
  49  4:39  Probe  
  49  4:41  Robotics Facility  
  49  4:42  Probe  
  51  4:54  Probe  
  52  5:06  Phoenix (Chrono Boost)  
  54  5:19  Pylon  
  54  5:21  Pylon  
  54  5:35  Probe  
  54  5:36  Probe  
  53  5:45  Probe  
  53  5:48  Probe  
  55  5:56  Probe  
  55  5:59  Immortal  
  55  6:01  Void Ray (Chrono Boost)  
  64  6:04  Sentry  
  64  6:06  Stalker  
  68  6:28  Probe  
  68  6:29  Probe  
  70  6:40  Pylon  
  70  6:43  Pylon  
  70  6:56  Probe  
  70  6:58  Probe  
  70  6:59  Immortal  
  76  7:02  Void Ray (Chrono Boost)  
  80  7:16  Probe  
  80  7:18  Probe  
  82  7:24  Twilight Council  
  82  7:25  Forge  
  82  7:27  Probe  
  83  7:30  Probe  
  84  7:42  Zealot  
  86  8:01  Nexus  
  86  8:05  Protoss Ground Weapons Level 1  
  86  8:26  Pylon  
  86  8:28  Pylon  
  86  8:31  Pylon  
  86  8:32  Pylon  
  86  8:34  Pylon x2  
  86  8:36  Pylon  
  86  8:40  Pylon  
  86  8:43  Probe  
  86  8:44  Probe  
  86  8:45  Resonating Glaives  
  88  8:50  Adept x3  
  88  8:53  Probe  
  95  8:56  Probe  
  96  9:02  Photon Cannon  
  96  9:04  Probe  
  96  9:07  Photon Cannon  
  96  9:08  Probe  
  96  9:09  Photon Cannon  
  98  9:28  Gateway  
  98  9:29  Gateway  
  98  9:30  Probe  
  98  9:31  Probe, Gateway  
  98  9:32  Probe  
  98  9:33  Gateway  
  98  9:34  Immortal  
  105  9:41  Probe x2  
  105  9:44  Probe  
  106  10:07  Phoenix (Chrono Boost)  
  108  10:15  Stalker  
  108  10:16  Stalker x2  
  114  10:25  Blink  
  116  10:28  Phoenix (Chrono Boost)  
  116  10:32  Stalker x2  
  116  10:33  Stalker  
  116  10:35  Stalker  
  124  10:38  Protoss Ground Weapons Level 2  
  124  10:41  Protoss Air Weapons Level 1  
  124  10:50  Phoenix (Chrono Boost)  
  124  10:56  Stalker x3  
  124  10:57  Stalker x2  
  136  11:12  Phoenix (Chrono Boost)  
  136  11:14  Stalker  
  136  11:15  Stalker  
  142  11:21  Stalker  
  142  11:22  Stalker x4  
  152  11:36  Observer  
  152  11:37  Phoenix (Chrono Boost)  
  155  11:48  Pylon  
  155  11:49  Pylon  
  155  11:52  Pylon  
  155  11:54  Stalker x5  
  155  11:55  Pylon  
  155  11:56  Pylon  
  165  12:06  Phoenix (Chrono Boost)  
  165  12:07  Stalker  
  165  12:08  Stalker  
  171  12:18  Phoenix (Chrono Boost)  
  171  12:20  Templar Archives  
  171  12:22  Dark Shrine  
  171  12:26  Assimilator  
  171  12:27  Stalker x3  
  171  12:28  Stalker x2  
  181  12:30  Assimilator  
  136  13:36  Immortal  
  139  13:46  Stalker x6  
  139  13:47  Stalker  
  137  14:15  Immortal  
  137  14:17  Stalker x3  
  137  14:18  Stalker x4  
  151  14:28  Probe x2  
  151  14:29  Probe  
  151  14:30  Protoss Ground Weapons Level 3  
  154  14:52  High Templar x3  
  158  14:54  Dark Templar x4  
  158  14:59  Archon  
  168  15:01  Nexus  
  168  15:04  Archon  
  168  15:14  Nexus  
  88  16:11  High Templar x4  
  86  16:12  High Templar x2  
  86  16:14  Stalker  
  86  16:15  Archon x2  
  86  16:16  Archon  
  94  16:43  Stalker x3  
  94  16:44  Stalker x2  
  94  16:45  Stalker  
  100  17:12  Assimilator  
  100  17:16  Assimilator  
  100  17:21  Pylon  
  100  17:22  Assimilator  
  100  17:23  Pylon  
  100  17:25  Pylon  
  100  17:26  Assimilator  
  100  17:27  Probe x3  
  100  17:28  Probe, Pylon  
  104  17:30  Pylon, Protoss Ground Armor Level 1  
  104  17:33  Pylon x2  
  104  17:36  Pylon  
  104  18:06  Stalker x4  
  104  18:07  Stalker  
  114  18:15  Zealot x2  
  118  18:31  Stalker x2  
  118  18:32  Stalker x3  
  86  18:59  Stalker  
  86  19:00  Stalker x4  
  58  19:12  Phoenix (Chrono Boost)  
  59  19:39  Dark Templar  
  61  20:08  Nexus  
Tags
 
Add a new tag
Caveats
  • Supply blocks, unpowered buildings, or Contaminate may cause inaccurate times.
  • Supply counts are checked every 10 seconds.